cohdb
Replays
Latest Replays
All Replays
Popular Replays
Top Player Replays
Match Explorer
How It Works
Community
CoH3 Stats
Reddit
Sign in to upload your games and track your stats! →
Sign in with Steam
Match 44545840
Unlisted
Match 44545840
Overview
Messages
Build Orders
End
Selects Airborne Battlegroup
Selects Heavy Machine Gun Paradrop
Selects Smoke Bombing Run
Heavy Machine Gun Paradrop
Construct Barracks
Engineer Squad
1⁄4-ton 4x4 Truck
Grenade Package
Riflemen Squad
Mechanized Support Center
Riflemen Squad
Selects Paratrooper Squad Paradrop
Paratrooper Squad Paradrop
Scout Squad
Selects Supply Drop
Supply Drop
Supply Drop
Smoke Bombing Run
Selects Anti-tank Gun Team Paradrop
Construct Tank Depot
Supply Drop
M18 Hellcat Tank Destroyer
Smoke Bombing Run
Anti-tank Gun Team Paradrop
Paratrooper Squad Paradrop
M1918 Browning Automatic Rifles
Selects Carpet Bombing Run
Supply Drop
Engineer Squad
Smoke Bombing Run
Etgo
Hk
Jarkke
pagodas
Comandante[BLR]
H4PPY
0
0
Comments
sign in to comment!
No comments posted yet!